 Dungeon Crawl Stone Soup version 0.27-a0-1325-g58a489ad9e (webtiles) character file.

Game seed: 4660362111952798557

140 Nattfarinn the Insei (level 5, 0/42 HPs)
             Began as a Merfolk Transmuter on June 24, 2021.
             Slain by a quasit (1 damage)
             ... summoned by Eustachio
             ... on level 3 of the Dungeon.
             The game lasted 00:07:56 (4844 turns).

Nattfarinn the Insei (Merfolk Transmuter)           Turns: 4844, Time: 00:07:57

Health: 0/42       AC:  3    Str: 16      XL:     5   Next: 22%
Magic:  17/17      EV: 13    Int: 14      God:
Gold:   147        SH:  0    Dex: 11 (14) Spells: 7/8 levels left

rFire    . . .     SeeInvis .   g - +2 mace (vorpal)
rCold    . . .     Faith    .   (no shield)
rNeg     . . .     Spirit   .   a - +0 robe
rPois    .         Reflect  .   j - +0 helmet
rElec    .         Harm     .   (no cloak)
rCorr    .         Rampage  .   (no gloves)
Will     .....                  (no boots)
Stlth    +.........             (no amulet)
HPRegen  0.14/turn              n - +6 ring of strength
MPRegen  0.15/turn              c - ring of magical power

@: no status effects
A: (nimble swimmer 2), mertail
a: no special abilities


You were on level 3 of the Dungeon.
You visited 1 branch of the dungeon, and saw 4 of its levels.

You collected 147 gold pieces.

Inventory:

Hand Weapons
 g - a +2 vorpal mace (weapon)
Armour
 a - a +0 robe (worn)
 j - a +0 helmet (worn)
Jewellery
 b - a ring of resist corrosion
 c - a ring of magical power (right hand)
 n - a +6 ring of strength (left hand)
Scrolls
 d - 3 scrolls of identify {unknown}
 f - a scroll of magic mapping {unknown}
 h - 2 scrolls of fog {unknown}
 l - a scroll of acquirement {unknown}
 o - a scroll of enchant weapon {unknown}
 r - a scroll of noise {unknown}
Potions
 p - a potion of brilliance {unknown}
 q - a potion of flight {unknown}


   Skills:
 + Level 3.8 Fighting
 - Level 4.1 Dodging
 + Level 4.2 Unarmed Combat
 - Level 2.0 Spellcasting
 * Level 2.7 Transmutations


You had 7 spell levels left.
You knew the following spells:

 Your Spells              Type           Power      Damage    Failure   Level
a - Beastly Appendage     Tmut           18%        N/A       8%          1

Your spell library contained the following spells:

 Spells                   Type           Power      Damage    Failure   Level
 Wereblood                Tmut           9%         N/A       12%         2
 Spider Form              Tmut/Pois      2%         N/A       38%         3
 Confusing Touch          Hex            1%         N/A       56%         3
 Gell's Gravitas          Tloc           0%         N/A       56%         3
 Ice Form                 Ice/Tmut       5%         N/A       80%         4
 Petrify                  Tmut/Erth      5%         N/A       80%         4
 Yara's Violent Unravell  Hex/Tmut       2%         3d3       98%         5
 Metabolic Englaciation   Hex/Ice        0%         N/A       100%        5


Dungeon Overview and Level Annotations

Branches:
Dungeon (4/15)
 Temple: D:4-7

Altars:

Annotations:
D:3 Eustachio
D:4 1 runed translucent door, Delamore's ghost, novice FoFi; Duvessa


Innate Abilities, Weirdness & Mutations

((You are quick and stealthy near water. (Stealth+, EV+, Speed+++)))
Your lower body shifts to a powerful aquatic tail in water.


Message History

You feel clumsy.
The quasit claws you but does no damage.
Your goblin hits Eustachio but does no damage.
Your jackal barely misses Eustachio.
Your hobgoblin hits Eustachio but does no damage.
The bat hits you but does no damage.
Your jackal bites Eustachio but does no damage.
You closely miss the quasit.
The quasit is severely wounded.
The bat misses you. The quasit bites you.
* * * LOW HITPOINT WARNING * * *
The quasit claws you.
* * * LOW HITPOINT WARNING * * *
The quasit claws you but does no damage.
Your jackal bites Eustachio but does no damage.
Your goblin hits Eustachio with a +0 dagger.
The quasit bites you.
* * * LOW HITPOINT WARNING * * *
The quasit claws you.
* * * LOW HITPOINT WARNING * * *
The quasit claws you.
* * * LOW HITPOINT WARNING * * *
Your jackal bites Eustachio but does no damage.
Your jackal completely misses Eustachio.
The quokka bites your goblin.
Your goblin dies!
Your goblin's corpse dissolves into shadows!
Your bat hits the quokka but does no damage.
It was a potion of magic.
Magic courses through your body. The bat hits you.
* * * LOW HITPOINT WARNING * * *
Your bat completely misses the quokka.
The quasit bites you but does no damage.
The quasit claws you but does no damage. x2
Your bat barely misses the quokka.
Your jackal closely misses Eustachio.
Your jackal barely misses Eustachio.
The quokka twitches its whiskers.
The bat barely misses your jackal. The quasit bites you.
* * * LOW HITPOINT WARNING * * *
The quasit claws you.
You die...

#.###.........#######
................b..>#
..............#####.#
#.###......########.#
#.# #...............#
#.###......##########
#.#........#
[.#ยง###'##.#########
..#.#...##..gh.5@..#
<...#.##....bhb@...#
#####..'......r....#
....####...........#
....# ##...........#
....# #.....###'##.#
...####'###.....##.#
..........########.#
...................#


You could see Eustachio (ally target), a quasit (summoned), a quokka (summoned),
a bat (summoned), 2 friendly jackals, a friendly hobgoblin (summoned) and a
friendly bat (summoned).

Vanquished Creatures
  A hound (D:3)
  A gnoll (D:2)
  2 adders
  2 dart slugs (D:1)
  3 orcs
  7 endoplasms
  6 giant cockroaches
  6 goblins
  8 hobgoblins
  11 jackals
  6 kobolds
  2 quokkas
  6 ball pythons
  3 bats
  2 frilled lizards (D:3)
  3 rats
69 creatures vanquished.

Notes
Turn   | Place    | Note
-------+----------+-------------------------------------------
     0 | D:1      | Nattfarinn the Merfolk Transmuter began the quest for the
                  | Orb.
     0 | D:1      | Reached XP level 1. HP: 15/15 MP: 3/3
    96 | D:1      | Reached XP level 2. HP: 20/22 MP: 5/5
   575 | D:1      | You fall into a shaft and drop 1 floor!
   579 | D:2      | Reached XP level 3. HP: 27/27 MP: 6/6
  1430 | D:2      | Found a faded altar of an unknown god.
  1926 | D:2      | Reached XP level 4. HP: 15/35 MP: 7/7
  3914 | D:4      | Noticed Eustachio
  4029 | D:3      | Reached XP level 5. HP: 8/42 MP: 8/8
  4604 | D:4      | Found a runed translucent door.
  4650 | D:4      | Noticed Delamore's ghost (novice FoFi)
  4804 | D:4      | Noticed Duvessa
  4844 | D:3      | HP: 2/42 [bat[Eustachio] (1)]
  4844 | D:3      | Slain by a quasit

Illustrated notes

Levels and vault maps discovered:
D:1:      ncdulo_smallfort, layout_loops_corners, roderic_serpentine_path
D:2:      layout_basic, hellmonk_ecumenical_altar_arch_garden,
          corexii_corridor_pit
D:3:      layout_basic, hex_medium, minmay_joined_circles
D:4:      layout_basic, lemuel_round_altar, minmay_temple_entry_overgrown,
          ebering_ghost_reflecting_pool, uniq_eustachio, uniq_duvessa

Skill      XL: |  1  2  3  4 |
---------------+-------------+-----
Dodging        | 3 4 |  4.1
Fighting       | 2 3 |  3.8
Unarmed Combat | 4 |  4.2
Spellcasting   | |  2.0
Transmutations | |  2.7

Action                   |  1- 3 |  4- 6 || total
-------------------------+-------+-------++-------
Melee: Unarmed           |   103 |       ||   103
       Punch             |     2 |     1 ||     3
       Mace              |    22 |   106 ||   128
       Headbutt          |       |     1 ||     1
 Cast: Beastly Appendage |       |     1 ||     1
  Use: Scroll            |       |     3 ||     3
       Potion            |       |     4 ||     4
 Stab: Sleeping          |     4 |     1 ||     5
Armor: Robe              |    16 |    30 ||    46
Dodge: Dodged            |    89 |   120 ||   209

Table legend: (Time is in decaauts)
 A = Elapsed time spent in this place.
 B = Non-inter-level travel time spent in this place.
 C = Inter-level travel time spent in this place.
 D = Time resting spent in this place.
 E = Time spent auto-exploring this place.
 F = Levels seen in this place.
 G = Mean time per level.
                   A        B        C        D        E       F      G
               +--------+--------+--------+--------+--------+-----+--------+
         Total |   4876 |   4753 |    123 |   1341 |   2787 |   4 | 1219.0 |
       Dungeon |   4876 |   4753 |    123 |   1341 |   2787 |   4 | 1219.0 |
               +--------+--------+--------+--------+--------+-----+--------+

Top non-repeatable levels by time:
     D:2: 1855 daAuts
     D:3: 1439 daAuts
     D:1: 1324 daAuts
     D:4: 256 daAuts
